 Dungeon Crawl Stone Soup version 0.31-a0-986-g5e6e4ef867 (webtiles) character file.

Game seed: 10167959474433429684

60 2FriedEggs the Magician (level 4, 0/27 HPs)
             Began as an Octopode Earth Elementalist on Nov 15, 2023.
             Slain by an orc wizard
             ... wielding a +0 dagger
              (4 damage)
             ... on level 2 of the Dungeon.
             The game lasted 00:02:05 (1375 turns).

2FriedEggs the Magician (OpEE)                      Turns: 1375, Time: 00:02:05

Health: 0/27       AC:  1    Str:  7    XL:     4   Next: 4%
Magic:  8/9        EV: 13    Int: 19    God:
Gold:   108        SH:  0    Dex: 12    Spells: 9/10 levels left

rFire   . . .        c - staff of poison
rCold   . . .        (no shield)
rNeg    . . .        (helmet restricted)
rPois   +            (no amulet)
rElec   .            (no ring)
rCorr   .            (no ring)
SInv    .            (no ring)
Will    .....        (no ring)
Stlth   +++          (no ring)
HPRegen 0.24/turn    (no ring)
MPRegen 0.11/turn    (no ring)
                     (no ring)

%: no passive effects
@: no status effects
A: almost no armour, amphibious, 8 rings, camouflage 1, gelatinous body 1,
(nimble swimmer 1), tentacles
a: no special abilities


You were on level 2 of the Dungeon.
You visited 1 branch of the dungeon, and saw 2 of its levels.

You collected 108 gold pieces.

Inventory:

Hand Weapons
 f - a +1 dagger of venom
Magical Staves
 c - a staff of poison (weapon)
Jewellery
 g - a ring of wizardry
Scrolls
 b - a scroll of amnesia {unknown}
 d - a scroll of blinking {unknown}
 e - 4 scrolls of identify {unknown}
Potions
 a - 2 potions of magic
 i - a potion of haste {unknown}


   Skills:
 - Level 2.0 Dodging
 - Level 2.6 Stealth
 + Level 3.9 Spellcasting
 - Level 1.0 Transmutations
 - Level 3.0 Earth Magic


You had 9 spell levels left.
You knew the following spells:

 Your Spells              Type           Power      Damage    Failure   Level
a - Sandblast             Erth           30%        2d9       4%          1

Your spell library contained the following spells:

 Spells                   Type           Power      Damage    Failure   Level
 Passwall                 Tmut/Erth      9%         N/A       10%         2
 Stone Arrow              Conj/Erth      18%        3d8       22%         3
 Petrify                  Tmut/Erth      11%        N/A       52%         4
 Brom's Barrelling Bould  Conj/Erth      9%         2d3       58%         4


Dungeon Overview and Level Annotations

Branches:
Dungeon (2/15)

Altars:


Innate Abilities, Weirdness & Mutations

You cannot wear most types of armour.
You are amphibious.
You can wear up to eight rings at the same time.
Your skin changes colour to match your surroundings (Stealth+).
Your rubbery body absorbs attacks. (AC +1, EV +1)
((You are camouflaged when in or above water. (Stealth+)))
You have tentacles for arms and can constrict up to eight enemies at once.


Message History

Deactivating autopickup; reactivate with Ctrl-A.
A rat comes into view.
You see here 10 gold pieces.
A puff of flame appears from out of thin air!
The puff of flame hits you.
The rat twitches its whiskers.
Casting: Sandblast (safe; 4% risk of failure)
Confirm with . or Enter, or press ? or * to list all spells.
Aiming: Sandblast (safe; 4% risk of failure)
Press: ? - help, Shift-Dir - straight line, f/p - orc
Aim: an orc, wielding a +0 trident (almost dead, 82% to hit)
You miscast Sandblast.
You are very lightly contaminated with residual magic.
Nothing appears to happen.
The orc wizard casts a spell at you.
You are confused.
The orc barely misses you.
Unknown command.
You bump into the rock wall.
The orc wizard hits you with a +0 dagger.
The orc hits you with a +0 club. The orc closely misses you.
An endoplasm comes into view.
The orc wizard attacks as it pursues you!
The orc wizard hits you with a +0 dagger.
You bump into the rock wall.
The orc wizard closely misses you.
You're too confused to cast spells.
You're too confused to cast spells.
You bump into the rock wall.
You feel less confused.
The orc wizard hits you with a +0 dagger.
Your magical contamination has completely faded away.
It was a potion of cancellation.
You feel magically purged. The orc hits you with a +0 club.
* * * LOW HITPOINT WARNING * * *
The orc wizard hits you with a +0 dagger.
* * * LOW HITPOINT WARNING * * *
Unknown command.
The orc wizard attacks as it pursues you!
The orc wizard hits you with a +0 dagger.
You die...

#+# ## #.# .#
#.######.#
#.#.o@...#
#.#{###..# ..#
##.#o#<...#
.....#..or#...##
..J.....$.....#
....#...####....#
##....... .#.#....
#.####...#.#.####.
# ......#..


You could see an orc wizard.

Vanquished Creatures
  A gnoll (D:1)
  2 dart slugs (D:1)
  7 ball pythons (D:1)
  An endoplasm (D:1)
  3 giant cockroaches (D:1)
  7 goblins (D:1)
  7 hobgoblins (D:1)
  3 jackals (D:1)
  5 kobolds (D:1)
  A quokka (D:1)
  2 rats
39 creatures vanquished.

Notes
Turn   | Place    | Note
-------+----------+-------------------------------------------
     0 | D:1      | 2FriedEggs the Octopode Earth Elementalist began the quest
                  | for the Orb.
     0 | D:1      | Reached XP level 1. HP: 11/11 MP: 3/3
   103 | D:1      | Reached XP level 2. HP: 17/17 MP: 1/5
   337 | D:1      | Reached XP level 3. HP: 16/21 MP: 1/7
  1203 | D:1      | Reached XP level 4. HP: 27/27 MP: 7/9
  1375 | D:2      | Slain by an orc wizard

Illustrated notes

Levels and vault maps discovered:
D:1:      dpeg_arrival_morbid_curiosity, layout_loops_ring,
          serial_bayou_lagoon_a
D:2:      layout_basic, uniq_sigmund

Skill      XL: |  1  2 |
---------------+-------+-----
Spellcasting   | 3 |  3.9
Dodging        | |  2.0
Stealth        | |  2.6
Transmutations | |  1.0
Earth Magic    | |  3.0

Action                     |  1- 3 |  4- 6 || total
---------------------------+-------+-------++-------
  Melee: Unarmed           |    15 |       ||    15
         Constrict         |     9 |       ||     9
         Tentacles         |     6 |       ||     6
         Staff             |    12 |       ||    12
   Cast: Sandblast         |    37 |     5 ||    42
    Use: Potion            |       |     1 ||     1
   Stab: Sleeping          |     1 |       ||     1
 Armour: Skin              |    21 |     8 ||    29
  Dodge: Dodged            |    30 |     6 ||    36

Table legend: (Time is in decaauts)
 A = Elapsed time spent in this place.
 B = Non-inter-level travel time spent in this place.
 C = Inter-level travel time spent in this place.
 D = Time resting spent in this place.
 E = Time spent auto-exploring this place.
 F = Levels seen in this place.
 G = Mean time per level.
                   A        B        C        D        E       F      G
               +--------+--------+--------+--------+--------+-----+--------+
         Total |   1397 |   1360 |     37 |    189 |    945 |   2 |  698.5 |
       Dungeon |   1397 |   1360 |     37 |    189 |    945 |   2 |  698.5 |
               +--------+--------+--------+--------+--------+-----+--------+

Top non-repeatable levels by time:
     D:1: 1361 daAuts
     D:2: 35 daAuts
